 Dungeon Crawl Stone Soup version 0.19-a0-944-gb338e1e (webtiles) character file.

121 George the Slasher (level 4, 0/33 HPs)
             Began as a Demonspawn Gladiator on July 8, 2016.
             Slain by Sigmund
             ... wielding a +0 scythe
              (8 damage)
             ... on level 3 of the Dungeon.
             The game lasted 00:03:14 (1794 turns).

George the Slasher (Demonspawn Gladiator)           Turns: 1794, Time: 00:03:15

Health: 0/33       AC:  8    Str: 16    XL:     4   Next: 76%
Magic:  4/4        EV: 10    Int:  9    God:
Gold:   198        SH:  0    Dex: 14    Spells: 0 memorised, 3 levels left

rFire  . . .     SeeInvis .     a - +0 long sword
rCold  . . .     Gourm    .     j - +0 scale mail
rNeg   + . .     Faith    .     (no shield)
rPois  .         Spirit   .     c - +0 helmet
rElec  .         Dismiss  .     (no cloak)
rCorr  .         Reflect  .     (no gloves)
SustAt .         Harm     .     s - +0 pair of boots
MR     .....                    (no amulet)
Stlth  ..........               (no ring)
                                o - ring of positive energy

@: not resistant to hostile enchantments, extremely unstealthy
A: spiny 1, rot immunity
a: no special abilities


You were on level 3 of the Dungeon.
You were not hungry.

You visited 1 branch of the dungeon, and saw 3 of its levels.

You collected 198 gold pieces.

Inventory:

Hand Weapons
 a - a +0 long sword (weapon)
Missiles
 d - 3 throwing nets (quivered)
Armour
 c - a +0 helmet (worn)
 j - a +0 scale mail (worn)
 s - a +0 pair of boots (worn)
Jewellery
 o - a ring of positive energy (left hand)
Scrolls
 h - a scroll of identify
 k - 2 scrolls of magic mapping {unknown}
 n - a scroll of recharging {unknown}
 t - a scroll of teleportation {unknown}
Potions
 g - a potion of curing
 p - a potion of lignification
 q - a potion of heal wounds
Comestibles
 f - 2 bread rations
 i - 6 fruits
 l - 2 slices of pizza
 r - a chunk of flesh


   Skills:
 - Level 2.0 Fighting
 + Level 5.0 Long Blades
 - Level 1.7 Throwing
 - Level 2.6 Dodging


You had 3 spell levels left.
You didn't know any spells.

Dungeon Overview and Level Annotations

Branches:
Dungeon (3/15)

Altars:

Annotations:
D:3 Sigmund


Innate Abilities, Weirdness & Mutations

You are partially covered in sharp spines.
You are immune to rotting.


Message History

You hit the jackal.
You kill the jackal!
Something hits you.
You closely miss something.
You hear some strange, mumbled words.
A puff of flame appears from out of thin air!
The puff of flame hits you!
You slash something! Something hits you!
You hit something. Something hits you but does no damage.
You miss something. You miss something.
You hear some strange, mumbled words.
A magic dart appears from out of thin air!
The magic dart hits you!
You completely miss something. Something hits you but does no damage.
You closely miss something. Something hits you!
* * * LOW HITPOINT WARNING * * *
You hit something. Something hits you but does no damage.
You closely miss something. Something hits you!
You die...

### #..
#.# #h#
#{# #@##
#####
#..# #..
) ##.#
#.#
#####.#
#.###
#.....#
#.##.
#.#####
#.##.
#.#
#.##.
#.#
#....
###.####
#######.


You could see a jackal.

Vanquished Creatures
  Robin (D:2)
  3 adders (D:2)
  2 oozes
  2 worms
  2 dart slugs
  A ball python (D:2)
  5 bats
  3 giant cockroaches
  15 goblins
  7 hobgoblins
  5 jackals
  5 kobolds (D:1)
  2 giant newts (D:1)
  7 rats
60 creatures vanquished.

Notes
Turn   | Place    | Note
-------+----------+-------------------------------------------
     0 | D:1      | George the Demonspawn Gladiator began the quest for the Orb.
     0 | D:1      | Reached XP level 1. HP: 16/16 MP: 1/1
    32 | D:1      | Reached skill level 3 in Long Blades
   154 | D:1      | Gained mutation: You are immune to rotting. [demonic ancestry]
   154 | D:1      | Reached XP level 2. HP: 22/22 MP: 2/2
   358 | D:1      | Reached XP level 3. HP: 20/27 MP: 3/3
   669 | D:1      | Reached skill level 4 in Long Blades
  1108 | D:2      | Noticed Robin
  1114 | D:2      | HP: 1/27 [goblin[Robin] (3)]
  1456 | D:2      | Killed Robin
  1456 | D:2      | Gained mutation: You are partially covered in sharp spines. [demonic ancestry]
  1456 | D:2      | Reached XP level 4. HP: 31/33 MP: 4/4
  1696 | D:2      | Reached skill level 5 in Long Blades
  1782 | D:3      | Noticed Sigmund
  1794 | D:3      | Slain by Sigmund

Vault maps used:
D:1:      minmay_arrival_three_doors
D:2:      uniq_robin
D:3:      lightli_temple_of_fire, ecumenical_altar_1, uniq_purgy, uniq_sigmund,
          uniq_grinder, uniq_jessica

Skill      XL: |  1  2  3  4 |
---------------+-------------+-----
Long Blades    | 3 4 5 |  5.0
Fighting       | |  2.0
Throwing       | |  1.7
Dodging        | |  2.6

Action                   |  1- 3 |  4- 6 || total
-------------------------+-------+-------++-------
Melee: Long sword        |   155 |    57 ||   212
  Use: Potion            |     1 |       ||     1
       Scroll            |       |     2 ||     2
  Eat: Chunk             |     2 |     1 ||     3
Armor: Leather armour    |    17 |       ||    17
       Scale mail        |    39 |    17 ||    56
Dodge: Dodged            |    87 |    20 ||   107
